 Dungeon Crawl Stone Soup version 0.30-a0-755-g0b50240ab4 (webtiles) character file.

Game seed: 6378923931769463556

1326 BRD the Ducker (level 8, -7/62 HPs)
             Began as a Demonspawn Gladiator on Feb 9, 2023.
             Mangled by Edmund
             ... wielding a +6 dire flail of holy wrath
              (12 damage)
             ... on level 6 of the Dungeon.
             The game lasted 00:10:29 (4769 turns).

BRD the Ducker (Demonspawn Gladiator)               Turns: 4769, Time: 00:10:29

Health: -7/62      AC:  7    Str: 14    XL:     8   Next: 34%
Magic:  11/12      EV: 15    Int: 13    God:
Gold:   188        SH:  0    Dex: 17    Spells: 9/12 levels left

rFire   . . .      SeeInvis .    v - +6 flail "Hebymm" {drain, rPois rC- Dex+3}
rCold   x . .      Faith    .    (no shield)
rNeg    + . .      Spirit   .    e - +1 ring mail of the Barracuda {rN+}
rPois   +          Reflect  .    c - +0 helmet
rElec   .          Harm     .    (no cloak)
rCorr   .          Rampage  .    (no gloves)
Will    .....                    (no boots)
Stlth   +                        (no amulet)
HPRegen 0.30/turn                (no ring)
MPRegen 0.13/turn                (no ring)

@: no status effects
A: repulsion field 1, spiny 1, weakness stinger 2
a: no special abilities


You were on level 6 of the Dungeon.
You visited 1 branch of the dungeon, and saw 6 of its levels.

You collected 214 gold pieces.
You spent 26 gold pieces at shops.

Inventory:

Hand Weapons
 a - a +0 war axe of flaming
 r - the +8 flail of Rotation {drain, *Rage rCorr Dex+7 Stlth+}
   (You found it on level 3 of the Dungeon)

   Dex:       It affects your dexterity (+7).
   *Rage:     It berserks you when you make melee attacks (+20% chance).
   rCorr:     It protects you from acid and corrosion.
   Stlth:     It makes you more stealthy.
 v - the +6 flail "Hebymm" (weapon) {drain, rPois rC- Dex+3}
   (You found it on level 4 of the Dungeon)

   Dex:       It affects your dexterity (+3).
   rC:        It makes you vulnerable to cold.
   rPois:     It protects you from poison.
Missiles
 d - 3 throwing nets
 u - 2 poisoned darts (quivered)
Armour
 b - a +0 leather armour
 c - a +0 helmet (worn)
 e - the +1 ring mail of the Barracuda (worn) {rN+}
   (You found it on level 5 of the Dungeon)

   rN:        It protects you from negative energy.
Magical Staves
 l - a staff of death
Wands
 s - a wand of charming (8)
Scrolls
 f - 2 scrolls of vulnerability
 j - 2 scrolls of magic mapping {unknown}
 o - 4 scrolls of teleportation
 q - 2 scrolls of amnesia {unknown}
 t - a scroll of torment {unknown}
Potions
 g - a potion of haste {unknown}
 n - a potion of lignification {unknown}
 p - a potion of might {unknown}
 w - a potion of brilliance {unknown}
 x - a potion of attraction {unknown}


   Skills:
 - Level 5.0 Fighting
 + Level 5.6 Axes
 - Level 2.0 Throwing
 + Level 5.6 Dodging
 + Level 2.7 Spellcasting
 + Level 3.0 Summonings


You had 9 spell levels left.
You knew the following spells:

 Your Spells              Type           Power      Damage    Failure   Level
a - Call Canine Familiar  Summ           9%         N/A       38%         3

Your spell library contained the following spells:

 Spells                   Type           Power      Damage    Failure   Level
 Summon Small Mammal      Summ           36%        N/A       14%         1
 Summon Guardian Golem    Hex/Summ       5%         N/A       61%         3


Dungeon Overview and Level Annotations

Branches:
Dungeon (6/15)
 Temple: D:4-7

Altars:
Trog
Wu Jian

Shops:
D:1 ?   D:2 (

Annotations:
D:6 Edmund


Innate Abilities, Weirdness & Mutations

You are surrounded by a mild repulsion field. (EV +2)
You are partially covered in sharp spines.
You have a tail ending in a sharp stinger.


Message History

You convulse!
A scorpion comes into view.
You closely miss Edmund.
Edmund is moderately wounded.
Edmund barely misses you.
A bullfrog comes into view.
The bullfrog is struck by your spines. The bullfrog completely misses you.
You miss the bullfrog.
The bullfrog is moderately wounded.
The bullfrog croaks.
The bullfrog is struck by your spines. The bullfrog misses you.
Edmund hits you with a +6 dire flail of holy wrath.
You convulse.
The bullfrog closely misses you. Edmund misses you.
You thump the bullfrog!
You kill the bullfrog!
Edmund completely misses you.
Your Summonings skill increases to level 3!
You sock Edmund!
Edmund is heavily wounded.
Edmund hits you with a +6 dire flail of holy wrath.
You convulse.
You sock Edmund! You tail-slap Edmund, but do no damage.
Your punch misses Edmund.
Edmund is almost dead.
The scorpion is struck by your spines.
The scorpion stings you but does no damage.
The bullfrog is struck by your spines. The bullfrog misses you.
Edmund is struck by your spines.
Edmund hits you with a +6 dire flail of holy wrath!
* * * LOW HITPOINT WARNING * * *
You convulse.
* * * LOW HITPOINT WARNING * * *
The scorpion closely misses you.
You barely miss Edmund.
Edmund is almost dead.
The bullfrog is struck by your spines. The bullfrog closely misses you.
Edmund hits you with a +6 dire flail of holy wrath!
* * * LOW HITPOINT WARNING * * *
You convulse!
You die...

...............
...............
................
#...........!....
...............?..
..................
........@.......<.
##.....F@.........
.........s........
..................
#.................
.......<..........
#.................
..................
#.................
#.................


You could see Edmund, a bullfrog and a scorpion.

Vanquished Creatures
  Grinder (D:3)
  A water moccasin (D:5)
  An acid dragon (D:5)
  An ice beast (D:5)
  A bullfrog (D:6)
  4 scorpions
  2 necrophages
  A gnoll bouda (D:5)
  2 orc priests
  A hound (D:4)
  An orc wizard (D:3)
  5 gnolls (D:5)
  13 adders
  An ufetubus (D:5)
  A worm (D:2)
  5 dart slugs
  8 orcs
  6 endoplasms
  5 giant cockroaches
  12 goblins
  3 hobgoblins
  6 jackals
  4 quokkas
  6 ball pythons
  6 bats
  5 frilled lizards
  7 kobolds
  11 rats
120 creatures vanquished.

Vanquished Creatures (others)
  4 plants (D:4)
4 creatures vanquished.

Grand Total: 124 creatures vanquished

Notes
Turn   | Place    | Note
-------+----------+-------------------------------------------
     0 | D:1      | BRD the Demonspawn Gladiator began the quest for the Orb.
     0 | D:1      | Reached XP level 1. HP: 16/16 MP: 1/1
   187 | D:1      | Found Ryeppi's Magic Scroll Boutique.
   196 | D:1      | Bought a scroll of identify for 26 gold pieces
   321 | D:1      | Gained mutation: You are surrounded by a mild repulsion
                  | field. (EV +2) [demonic ancestry]
   321 | D:1      | Reached XP level 2. HP: 22/22 MP: 2/2
   851 | D:2      | Gained mutation: You have a small tail. [demonic ancestry]
   851 | D:2      | Reached XP level 3. HP: 28/28 MP: 3/3
   886 | D:2      | Found Sejafoh's Weapon Shop.
  1333 | D:2      | Reached XP level 4. HP: 31/34 MP: 4/4
  1903 | D:3      | Noticed Grinder
  1932 | D:3      | Paralysed by Grinder for 4 turns
  1942 | D:3      | Paralysed by Grinder for 2 turns
  1947 | D:3      | Killed Grinder
  1948 | D:3      | Gained mutation: You are partially covered in sharp spines.
                  | [demonic ancestry]
  1948 | D:3      | Reached XP level 5. HP: 12/42 MP: 5/5
  1948 | D:3      | Reached XP level 6. HP: 14/48 MP: 6/6
  2117 | D:3      | Identified the +8 flail of Rotation {drain, *Rage rCorr
                  | Dex+7 Stlth+}
  2182 | D:3      | Found a bloodstained altar of Trog.
  2938 | D:4      | Identified the +6 flail "Hebymm" {drain, rPois rC- Dex+3}
  3044 | D:4      | Learned a level 3 spell: Call Canine Familiar
  3425 | D:4      | Found an ornate altar of the Wu Jian Council.
  3566 | D:4      | Gained mutation: You have a tail ending in a sharp stinger.
                  | [demonic ancestry]
  3566 | D:4      | Reached XP level 7. HP: 53/55 MP: 7/7
  3713 | D:5      | Entered Level 5 of the Dungeon
  3793 | D:5      | Reached skill level 1 in Summonings
  3879 | D:5      | Reached skill level 5 in Axes
  3879 | D:5      | Reached skill level 5 in Dodging
  3879 | D:5      | Reached skill level 1 in Spellcasting
  3922 | D:5      | Reached skill level 5 in Fighting
  4057 | D:5      | Reached XP level 8. HP: 57/62 MP: 9/11
  4353 | D:5      | Identified the +1 ring mail of the Barracuda {rN+}
  4759 | D:6      | Noticed Edmund
  4769 | D:6      | Mangled by Edmund

Illustrated notes

Levels and vault maps discovered:
D:1:      minmay_arrival_widening_spiral_wide, layout_loops_ring, serial_shops,
          shop
D:2:      minmay_skewed_foursquare, layout_loops_ring, serial_shops,
          nicolae_diamond_shop, amcnicky_mini_corridor_feature,
          grunt_ministairs_5
D:3:      layout_basic, mainiacjoe_overflow_boulevard, zin_statuary,
          uniq_grinder
D:4:      layout_layer_cave, nicolae_wu_jian_immortal_techniques, serial_forest,
          infiniplex_forest_straight_5, infiniplex_forest_clump_curved,
          infiniplex_forest_lined_room_2, infiniplex_forest_straight_2,
          infiniplex_forest_straight_1, infiniplex_forest_clump_double,
          infiniplex_forest_end_1, minmay_fractal_squares_gapless_5
D:5:      layout_basic, bh_walls_and_bars
D:6:      layout_basic, minmay_temple_entry_trees, uniq_edmund

Skill      XL: |  1  2  3  4  5  6  7  8 |
---------------+-------------------------+-----
Throwing       | 2 |  2.0
Dodging        | 3 4 5 |  5.6
Axes           | 3 4 5 |  5.6
Fighting       | 4 5 |  5.0
Summonings     | 2 3 |  3.0
Spellcasting   | 2 |  2.7

Action                     |  1- 3 |  4- 6 |  7- 9 || total
---------------------------+-------+-------+-------++-------
  Melee: War axe           |   126 |   101 |    71 ||   298
         Punch             |     1 |     1 |       ||     2
         Tailslap          |     5 |    11 |    10 ||    26
         Flail             |       |       |    27 ||    27
    Use: Scroll            |     1 |     3 |     5 ||     9
         Potion            |       |     1 |     3 ||     4
 Armour: Leather armour    |    42 |    19 |    13 ||    74
         Ring mail         |       |       |     7 ||     7
  Dodge: Dodged            |   103 |    81 |    78 ||   262

Table legend: (Time is in decaauts)
 A = Elapsed time spent in this place.
 B = Non-inter-level travel time spent in this place.
 C = Inter-level travel time spent in this place.
 D = Time resting spent in this place.
 E = Time spent auto-exploring this place.
 F = Levels seen in this place.
 G = Mean time per level.
                   A        B        C        D        E       F      G
               +--------+--------+--------+--------+--------+-----+--------+
         Total |   4866 |   4597 |    269 |    323 |   3355 |   6 |  811.0 |
       Dungeon |   4866 |   4597 |    269 |    323 |   3355 |   6 |  811.0 |
               +--------+--------+--------+--------+--------+-----+--------+

Top non-repeatable levels by time:
     D:4: 1210 daAuts
     D:2: 1024 daAuts
     D:5: 919 daAuts
     D:3: 850 daAuts
     D:1: 844 daAuts
     D:6: 16 daAuts
